 Dungeon Crawl Stone Soup version 0.28.0-43-g3370ac3207 (webtiles) character file.

Game seed: 840553807381862322

14510 sanboga the Cleaver (level 12, -5/77 HPs)
             Began as a Gargoyle Fighter on Mar 24, 2022.
             Was a Priest of Trog.
             Slain by an orc warrior
             ... wielding a +0 flail
              (12 damage)
             ... on level 11 of the Dungeon.
             The game lasted 00:18:50 (13121 turns).

sanboga the Cleaver (Gargoyle Fighter)             Turns: 13121, Time: 00:18:51

Health: -5/77      AC: 31    Str: 24    XL:     12   Next: 17%
Magic:  12/12      EV:  7    Int: 10    God:    Trog [***...]
Gold:   306        SH:  6    Dex:  9    Spells: 11/11 levels left

rFire   . . .      SeeInvis +   b - +1 hand axe (flame)
rCold   + . .      Faith    .   B - +0 buckler
rNeg    + . .      Spirit   .   n - +0 plate armour
rPois   ∞          Reflect  .   j - +2 helmet
rElec   +          Harm     .   m - scarf {repulsion}
rCorr   .          Rampage  .   p - +0 pair of gloves
Will    .....                   t - +2 pair of boots
Stlth   ..........              (no amulet)
HPRegen 0.22/turn               o - +4 ring of slaying
MPRegen 0.13/turn               u - ring of Utioted {rC+ SInv}

@: repel missiles
A: sickness immunity, AC +8, negative energy resistance 1, electricity
resistance, torment resistance 1, petrification resistance
a: Renounce Religion, Berserk, Trog's Hand


You were on level 11 of the Dungeon.
You worshipped Trog.
Trog was most pleased with you.
You visited 2 branches of the dungeon, and saw 12 of its levels.
You also visited: Sewer and Ossuary.

You collected 822 gold pieces.
You spent 516 gold pieces at shops.

Inventory:

Hand Weapons
 a - a +3 hand axe of freezing
 b - a +1 hand axe of flaming (weapon)
 c - a +0 war axe
Armour
 j - a +2 helmet (worn)
 k - a +0 cloak
 m - a scarf of repulsion (worn)
 n - a +0 plate armour (worn)
 p - a +0 pair of gloves (worn)
 t - a +2 pair of boots (worn)
 B - a +0 buckler (worn)
Jewellery
 e - a ring of protection from cold
 o - a +4 ring of slaying (left hand)
 u - the ring of Utioted (right hand) {rC+ SInv}
   (You found it on level 3 of the Dungeon)

   [ring of see invisible]

   rC:        It protects you from cold.
   SInv:      It lets you see invisible.
Wands
 h - a wand of flame (47)
 D - a wand of mindburst (6)
 F - a wand of acid (7)
 H - a wand of paralysis (2)
Scrolls
 f - 4 scrolls of magic mapping
 g - 5 scrolls of teleportation
 l - 5 scrolls of enchant weapon
 r - 2 scrolls of fog
 w - 4 scrolls of blinking
 y - 2 scrolls of identify
 I - a scroll of fear
Potions
 d - 3 potions of heal wounds
 i - 3 potions of mutation
 q - 2 potions of resistance
 s - 4 potions of invisibility
 v - a potion of might
 x - 2 potions of curing
 z - 2 potions of ambrosia
 A - 3 potions of flight
 G - 5 potions of haste


   Skills:
 + Level 10.1 Fighting
 * Level 11.5 Axes
 + Level 10.1 Armour
 + Level 10.2 Shields


You had 11 spell levels left.
You didn't know any spells.
Your spell library contained the following spells:

 Spells                   Type           Power      Damage    Failure   Level
 Sandblast                Erth           0%         2d4       99%         1
 Summon Small Mammal      Summ           0%         N/A       99%         1
 Passwall                 Tmut/Erth      0%         N/A       100%        2
 Call Canine Familiar     Summ           0%         N/A       100%        3
 Stone Arrow              Conj/Erth      0%         3d7       100%        3
 Summon Guardian Golem    Hex/Summ       0%         N/A       100%        3
 Animate Armour           Summ/Erth      0%         N/A       100%        4
 Cause Fear               Hex            0%         N/A       100%        4
 Hailstorm                Conj/Ice       0%         3d3       100%        4
 Ice Form                 Ice/Tmut       0%         N/A       100%        4
 Iskenderun's Battlesphe  Conj           0%         2d6       100%        5
 Summon Forest            Summ/Tloc      0%         N/A       100%        5
 Summon Mana Viper        Hex/Summ       0%         N/A       100%        5
 Iron Shot                Conj/Erth      0%         9d1       100%        6
 Simulacrum               Ice/Necr       0%         N/A       100%        6
 Summon Cactus Giant      Summ           0%         N/A       100%        6
 Dragon Form              Tmut           0%         N/A       100%        7
 Spellforged Servitor     Conj/Summ      0%         N/A       100%        7
 Lehudib's Crystal Spear  Conj/Erth      0%         10d2      100%        8
 Dragon's Call            Summ           0%         N/A       100%        9


Dungeon Overview and Level Annotations

Branches:
Dungeon (11/15)            Temple (1/1) D:6            Lair (0/6) D:10
  Sewer (visited)         Ossuary (visited)
    Orc: D:9-12

Altars:
Ashenzari
Cheibriados
Dithmenos
Elyvilon
Fedhas
Gozag
Hepliaklqana
Makhleb
Nemelex Xobeh
Okawaru
Qazlal
Sif Muna
Trog
Uskayaw
Vehumet
Wu Jian
Xom
Yredelemnul
Zin
The Shining One

Shops:
D:6 ?   D:9 (


Innate Abilities, Weirdness & Mutations

You are immune to sickness and miasma.
Your stone body is resilient. (AC +8)
You are immune to poison.
You resist negative energy. (rN+)
You are resistant to electric shocks. (rElec)
You are resistant to unholy torment.
You are immune to petrification.


Message History

The orc wizard is almost dead.
You slash the orc warrior! You burn the orc warrior.
You hit the orc warrior but do no damage.
The orc warrior barely misses you.
The orc wizard hits you but does no damage.
You barely miss the orc warrior. You hit the orc warrior.
You burn the orc warrior. You hit the orc wizard. You burn the orc wizard.
You kill the orc wizard!
Trog accepts your kill.
Trog appreciates your killing of a magic user.
You recover from your berserk rage.
The orc warrior hits you with a +0 trident.
You block the orc warrior's attack.
You closely miss the orc warrior. You hit the orc warrior.
You burn the orc warrior.
The orc warrior hits you with a +0 trident.
You barely miss the orc warrior.
You hit the orc warrior but do no damage.
You block the orc warrior's attack. The orc warrior barely misses you.
You barely miss the orc warrior. You hit the orc warrior.
You burn the orc warrior. You block the orc warrior's attack.
You hit the orc warrior. You burn the orc warrior.
The orc warrior is lightly wounded.
You hit the orc warrior. You burn the orc warrior.
You kill the orc warrior!
Trog accepts your kill.
The orc warrior hits you with a +0 flail!
You barely miss the orc warrior.
The orc warrior is lightly wounded.
The orc warrior hits you with a +0 flail!
* * * LOW HITPOINT WARNING * * *
You hit the orc warrior but do no damage.
The orc warrior is lightly wounded.
You feel better.
The orc warrior hits you with a +0 flail!
* * * LOW HITPOINT WARNING * * *
You hit the orc warrior but do no damage.
The orc warrior is lightly wounded.
The orc warrior hits you with a +0 flail!
You die...

##.....(>[........
#........)........
#.....<...).......
#(...)))[.........
#.....<)....######
#......)....##8## #
##.........?#)..#...
##.....#...o)......
###.####))@).(....
#..# #(.........
#.## #..#...#... #.
....##8## 8# #.
####.# ## # ..# .##
#.


You could see an orc warrior.

Vanquished Creatures
  A hydra (D:11)
  Erolcha (D:11)
  An ogre mage (D:11)
  4 two-headed ogres
  Urug (D:10)
  A manticore (D:10)
  A gargoyle (D:11)
  A kobold demonologist (D:9)
  4 trolls (D:10)
  9 yaks (D:10)
  A shadow (D:10)
  A wyvern (D:10)
  Eustachio (D:4)
  2 steam dragons
  5 water moccasins
  7 orc warriors
  3 black bears
  A sky beast (D:7)
  4 ice beasts
  5 ogres
  3 centaurs
  4 kobold brigands
  A phantom (D:5)
  2 elf zombies (Ossuary)
  4 bullfrogs
  A wyvern zombie (D:8)
  5 scorpions
  4 killer bees (D:10)
  16 wights
  3 hounds
  3 centaur zombies
  A jelly (D:6)
  Crazy Yiuf (D:6)
  A centaur skeleton (D:7)
  6 orc priests
  2 gnoll shamans
  2 iguanas
  10 orc wizards
  3 hound zombies (Ossuary)
  4 mummies (Ossuary)
  A howler monkey zombie (D:5)
  Robin (D:2)
  10 adders
  11 gnolls
  A howler monkey skeleton (D:6)
  A river rat (D:3)
  A shadow imp (D:5)
  2 white imps
  An ufetubus (D:5)
  An adder skeleton (D:4)
  2 worms
  A dart slug (D:3)
  26 orcs
  9 endoplasms
  5 giant cockroaches
  11 goblins
  6 hobgoblins
  6 jackals
  7 quokkas
  11 ball pythons
  5 bats
  3 frilled lizards (Sewer)
  2 hobgoblin zombies (Ossuary)
  A jackal zombie (Ossuary)
  28 kobolds
  3 orc zombies (Ossuary)
  4 rats
  A rat zombie (Ossuary)
  A spectral kobold (D:9)
292 creatures vanquished.

Vanquished Creatures (others)
  25 fungi (D:10)
  19 plants
44 creatures vanquished.

Grand Total: 336 creatures vanquished

Notes
Turn   | Place    | Note
-------+----------+-------------------------------------------
     0 | D:1      | sanboga the Gargoyle Fighter began the quest for the Orb.
     0 | D:1      | Reached XP level 1. HP: 14/14 MP: 1/1
   256 | D:1      | Found a faded altar of an unknown god.
   354 | D:1      | Reached skill level 2 in Axes
   510 | D:1      | Reached XP level 2. HP: 19/19 MP: 2/2
  1095 | D:2      | Reached XP level 3. HP: 17/23 MP: 3/3
  1209 | D:2      | Noticed Robin
  1226 | D:2      | Killed Robin
  1226 | D:2      | HP: 1/23 [hobgoblin[Robin] (3)]
  1490 | D:2      | Reached XP level 4. HP: 27/29 MP: 4/4
  2020 | D:2      | Reached skill level 3 in Axes
  2572 | D:3      | Reached XP level 5. HP: 11/33 MP: 5/5
  2623 | D:3      | Found a glowing drain.
  2627 | Sewer    | Entered a sewer
  2877 | Sewer    | Noticed a kobold brigand
  2888 | Sewer    | Killed a kobold brigand
  3186 | Sewer    | Noticed a kobold brigand
  3195 | Sewer    | Killed a kobold brigand
  3196 | Sewer    | Reached XP level 6. HP: 26/39 MP: 6/6
  3349 | Sewer    | Reached skill level 4 in Axes
  3589 | D:3      | Identified the ring of Utioted {rC+ SInv}
  3666 | D:3      | Found an opulent altar of Gozag.
  4024 | D:4      | Noticed Eustachio
  4031 | D:4      | Found a broken altar of Ashenzari.
  4033 | D:4      | Found an ornate altar of the Wu Jian Council.
  4101 | D:4      | Killed Eustachio
  4102 | D:4      | Reached XP level 7. HP: 38/44 MP: 7/7
  4165 | D:4      | Reached skill level 5 in Shields
  4380 | D:4      | Reached skill level 5 in Armour
  4524 | D:4      | Found a glowing silver altar of Zin.
  4525 | D:4      | Found a burning altar of Makhleb.
  4526 | D:4      | Noticed an angel
  4528 | D:4      | Noticed a cacodemon
  5005 | D:5      | Entered Level 5 of the Dungeon
  5026 | D:5      | Reached skill level 5 in Fighting
  5026 | D:5      | Reached skill level 5 in Axes
  5973 | D:5      | Found a stormy altar of Qazlal.
  5975 | D:5      | Noticed an air elemental
  5975 | D:5      | Noticed a fire elemental
  5975 | D:5      | Noticed a water elemental
  6206 | D:6      | Reached XP level 8. HP: 47/49 MP: 8/8
  6220 | D:6      | Found a staircase to the Ecumenical Temple.
  6264 | D:6      | Found Vynigg's Magic Scroll Shop.
  6382 | D:6      | Found a sand-covered staircase.
  6392 | Ossuary  | Entered an ossuary
  6543 | Ossuary  | Reached skill level 6 in Axes
  6754 | D:6      | Found a runed translucent door.
  6755 | D:6      | Noticed Crazy Yiuf
  6804 | D:6      | Bought a scroll of magic mapping for 52 gold pieces
  6804 | D:6      | Bought 3 scrolls of blinking for 337 gold pieces
  6804 | D:6      | Bought a scroll of teleportation for 45 gold pieces
  6804 | D:6      | Bought a scroll of fear for 52 gold pieces
  6804 | D:6      | Bought a scroll of identify for 30 gold pieces
  7024 | D:6      | Reached XP level 9. HP: 38/56 MP: 9/9
  7046 | D:6      | Reached skill level 7 in Axes
  7048 | D:6      | Found a radiant altar of Vehumet.
  7469 | D:6      | Killed Crazy Yiuf
  7508 | Temple   | Entered the Ecumenical Temple
  7512 | Temple   | Became a worshipper of Trog the Wrathful
  8855 | D:8      | Reached * piety under Trog
  8856 | D:8      | Reached skill level 8 in Axes
  9335 | D:8      | Reached XP level 10. HP: 42/63 MP: 10/10
 10167 | D:9      | Reached ** piety under Trog
 10187 | D:9      | Noticed a kobold demonologist
 10196 | D:9      | Killed a kobold demonologist
 10222 | D:9      | Found a shimmering altar of Xom.
 10318 | D:9      | Identified the amulet "Farghef" {Acrobat rPois rCorr Str-4
                  | Dex+8}
 10352 | D:9      | Found a blossoming altar of Fedhas.
 10400 | D:9      | Found a glowing golden altar of the Shining One.
 10716 | D:9      | Reached skill level 9 in Axes
 10858 | D:9      | Found a hazy altar of Hepliaklqana.
 10888 | D:9      | Found Jeesuz's Antique Weapon Boutique.
 11127 | D:10     | Entered Level 10 of the Dungeon
 11678 | D:10     | Noticed a two-headed ogre
 11686 | D:10     | Killed a two-headed ogre
 11687 | D:10     | Reached XP level 11. HP: 69/69 MP: 11/11
 11696 | D:10     | Reached skill level 10 in Axes
 11785 | D:10     | Found a staircase to the Lair.
 11792 | D:10     | Reached *** piety under Trog
 12163 | D:10     | Noticed a manticore
 12174 | D:10     | Killed a manticore
 12470 | D:10     | Noticed Urug
 12482 | D:10     | Killed Urug
 12793 | D:11     | Noticed a two-headed ogre
 12793 | D:11     | Noticed an ogre mage
 12793 | D:11     | Noticed a two-headed ogre
 12793 | D:11     | Noticed a two-headed ogre
 12793 | D:11     | Noticed a five-headed hydra
 12802 | D:11     | Killed a two-headed ogre
 12802 | D:11     | Killed a two-headed ogre
 12804 | D:11     | Killed a two-headed ogre
 12805 | D:11     | Reached skill level 11 in Axes
 12808 | D:11     | Killed a one-headed hydra
 12808 | D:11     | Noticed Erolcha
 12809 | D:11     | Reached skill level 10 in Shields
 12813 | D:10     | Reached XP level 12. HP: 38/77 MP: 12/12
 13058 | D:11     | Killed an ogre mage
 13059 | D:11     | Reached skill level 10 in Fighting
 13059 | D:11     | Reached skill level 10 in Armour
 13062 | D:11     | Killed Erolcha
 13121 | D:11     | Slain by an orc warrior

Illustrated notes

Levels and vault maps discovered:
D:1:      dpeg_arrival_rooms_a, layout_loops_ring,
          chequers_ecumenical_altar_simple, minmay_misc_feat_tiny,
          minmay_misc_feat_encased, hangedman_decor_push
D:2:      layout_basic, uniq_robin
D:3:      layout_rooms, nicolae_gozag_cash_rules_everything_around_me,
          gup_sewer_entry_spiral
D:4:      layout_basic, grunt_temple_overflow_order_and_chaos_2,
          mainiacjoe_overflow_catwalk_spiral, serial_glass, glass_columns_c,
          glass_columns_b, uniq_eustachio
D:5:      layout_basic, nicolae_qazlal_style_of_elements
D:6:      layout_loops_ring, minmay_temple_entry_offerings, serial_shops, shop,
          nicolae_ossuary_entry_monument, minmay_ruined_shrine,
          uniq_crazy_yiuf_cottage
D:7:      layout_basic
D:8:      layout_basic
D:9:      layout_loops_ring, mainiacjoe_overflow_alcove_1,
          nicolae_tso_carved_into_rock, nicolae_hepliaklqana_monster_ancestors,
          mainiacjoe_overflow_surrounded_room, serial_shops,
          nicolae_shop_waterfront, minmay_between
D:10:     lemuel_troll_bridge, layout_cave_pods, due_lair_maze_entry_diamond,
          uniq_urug
D:11:     layout_rooms, david_orc_4, uniq_josephine, uniq_erolcha
Temple:   nicolae_temple_x_marks_the_god

Skill      XL: |  1  2  3  4  5  6  7  8  9 10 11 12 |
---------------+-------------------------------------+-----
Axes           | 2 3 4 5 6 8 9 11 | 11.5
Shields        | 4 5 6 7 8 10 | 10.2
Fighting       | 4 5 6 7 8 9 10 | 10.1
Armour         | 4 5 6 7 8 9 10 | 10.1

Action                   |  1- 3 |  4- 6 |  7- 9 | 10-12 || total
-------------------------+-------+-------+-------+-------++-------
Melee: War axe           |    73 |   233 |   364 |       ||   670
       Hand axe          |       |       |    38 |   346 ||   384
Invok: Berserk           |       |       |       |     2 ||     2
       Trog's Hand       |       |       |       |     1 ||     1
Evoke: Wand              |       |     3 |       |     9 ||    12
  Use: Potion            |     2 |     1 |     1 |     2 ||     6
       Scroll            |       |       |    14 |     3 ||    17
 Stab: Paralysed         |       |       |       |     8 ||     8
Armor: Scale mail        |    34 |    21 |       |       ||    55
       Plate armour      |       |   188 |   345 |   262 ||   795
Dodge: Dodged            |    29 |    86 |   118 |   111 ||   344
Block: Buckler           |    18 |    73 |    99 |    98 ||   288
